 Dungeon Crawl Stone Soup version 0.27.0-1-g7a089689b8 (webtiles) character file.

Game seed: 16759995609778755093

107 Spaninq the Ruffian (level 4, 0/38 HPs)
             Began as a Ghoul Warper on July 31, 2021.
             Slain by a gnoll shaman (7 damage)
             ... on level 3 of the Dungeon.
             The game lasted 00:05:28 (2716 turns).

Spaninq the Ruffian (Ghoul Warper)                  Turns: 2716, Time: 00:05:29

Health: 0/38       AC:  9    Str: 15    XL:     4   Next: 85%
Magic:  5/5        EV:  6    Int:  8    God:
Gold:   116        SH:  0    Dex:  8    Spells: 6/6 levels left

rFire    . . .     SeeInvis .     - Unarmed
rCold    + . .     Faith    .   (no shield)
rNeg     + + +     Spirit   .   i - +0 chain mail
rPois    ∞         Reflect  .   (no helmet)
rElec    .         Harm     .   (no cloak)
rCorr    +         Rampage  .   (no gloves)
Will     .....                  h - +0 pair of boots
Stlth    ..........             (no amulet)
HPRegen  0.00/turn              d - ring of resist corrosion
MPRegen  0.09/turn              (no ring)

@: inhibited regen
A: claws 1, cold resistance 1, negative energy resistance 3, inhibited
regeneration, torment resistance 2
a: no special abilities


You were on level 3 of the Dungeon.
You visited 1 branch of the dungeon, and saw 4 of its levels.

You collected 116 gold pieces.

Inventory:

Missiles
 c - 5 boomerangs of dispersal (quivered)
Armour
 h - a +0 pair of boots (worn)
 i - a +0 chain mail (worn)
Jewellery
 d - a ring of resist corrosion (left claw)
Scrolls
 b - 2 scrolls of blinking
 e - a scroll of fear {unknown}
 g - 3 scrolls of identify {unknown}
 m - a scroll of noise {unknown}
 o - 2 scrolls of torment {unknown}
 p - a scroll of teleportation {unknown}
Potions
 a - a potion of lignification {unknown}
 f - a potion of mutation {unknown}
 j - 4 potions of haste {unknown}
 k - a potion of curing {unknown}
 l - a potion of heal wounds {unknown}
 n - a potion of might {unknown}


   Skills:
 + Level 3.0 Fighting
 - Level 0.8 Throwing
 + Level 1.8 Armour
 + Level 2.4 Dodging
 * Level 3.8 Unarmed Combat
 - Level 1.7 Spellcasting
 - Level 2.6 Translocations


You had 6 spell levels left.
You didn't know any spells.
Your spell library contained the following spells:

 Spells                   Type           Power      Damage    Failure   Level
 Blink                    Tloc           N/A        N/A       99%         2
 Static Discharge         Conj/Air       0%         N/A       100%        2
 Gell's Gravitas          Tloc           2%         N/A       100%        3
 Ignite Poison            Fire/Tmut/Pois 0%         N/A       100%        3
 Lesser Beckoning         Tloc           2%         N/A       100%        3
 Mephitic Cloud           Conj/Pois/Air  0%         N/A       100%        3
 Teleport Other           Tloc           5%         N/A       100%        3
 Bolt of Magma            Conj/Fire/Erth 0%         4d4       100%        5
 Lightning Bolt           Conj/Air       0%         1d11      100%        5
 Manifold Assault         Tloc           5%         N/A       100%        5
 Dispersal                Tloc           2%         N/A       100%        6
 Maxwell's Capacitive Co  Air            0%         ∞         100%        8


Dungeon Overview and Level Annotations

Branches:
Dungeon (4/15)
 Temple: D:4-7

Altars:


Innate Abilities, Weirdness & Mutations

You thrive by killing the living.
You are immune to poison.
You have sharp fingernails.
Your flesh is cold resistant. (rC+)
You are immune to negative energy. (rN+++)
You do not regenerate when monsters are visible.
You are immune to unholy pain and torment.


Message History

You climb upwards.
There is a stone staircase leading down here.
You scratch the gnoll shaman but do no damage.
The gnoll shaman hits you with a +0 whip.
You scratch the gnoll shaman.
The gnoll shaman is lightly wounded.
The gnoll shaman hits you with a +0 whip.
You closely miss the gnoll shaman.
The gnoll shaman is lightly wounded.
The gnoll shaman hits you with a +0 whip!
* * * LOW HITPOINT WARNING * * *
The gnoll shaman mumbles some strange prayers to its god against you.
You resist with some effort.
There is a stone staircase leading up here.
You can't go up here!
The gnoll shaman invokes the aid of its god against you.
You resist with some effort.
There is a stone staircase leading up here.
You climb upwards.
There is a stone staircase leading down here.
You start resting.
HP restored.
You climb downwards.
There is a stone staircase leading up here.
You scratch the gnoll shaman but do no damage.
You closely miss the gnoll shaman.
The gnoll shaman hits you with a +0 whip.
You completely miss the gnoll shaman.
The gnoll shaman hits you with a +0 whip!
You scratch the gnoll shaman.
The gnoll shaman is lightly wounded.
The gnoll shaman hits you with a +0 whip!
You claw the gnoll shaman!
The gnoll shaman is heavily wounded.
The gnoll shaman hits you with a +0 whip!
* * * LOW HITPOINT WARNING * * *
You claw the gnoll shaman!
The gnoll shaman is almost dead.
The gnoll shaman hits you with a +0 whip!
You die...

########### #.........#
########## ####### #.........#
....)....###.....#####.........#
##''####.##....................#
≈≈..≈≈≈#.............#.........##
##..##§#####...<@g...#........)..
##..##≈### #...[.#...#..........#
.......+.#####.###..............#
.......+.......#.....##########..
##..##≈#.............# #..
##..##§#.......###...# #####>.
≈≈..≈≈≈#...###.###.########......
##''####.#...#...#.....##........
#.......###.###........#.##.....


You could see a gnoll shaman.

Vanquished Creatures
  An orc priest (D:4)
  2 adders
  An ufetubus (D:3)
  2 worms (D:2)
  3 dart slugs
  5 orcs
  An endoplasm (D:1)
  A giant cockroach (D:1)
  3 goblins
  A hobgoblin (D:1)
  A jackal (D:3)
  4 kobolds (D:1)
  A quokka (D:3)
  5 ball pythons
  2 bats
  4 frilled lizards
  3 rats
40 creatures vanquished.

Notes
Turn   | Place    | Note
-------+----------+-------------------------------------------
     0 | D:1      | Spaninq the Ghoul Warper began the quest for the Orb.
     0 | D:1      | Reached XP level 1. HP: 17/17 MP: 2/2
    20 | D:1      | Reached skill level 1 in Armour
    50 | D:1      | Reached XP level 2. HP: 25/25 MP: 3/3
   263 | D:1      | Found a faded altar of an unknown god.
   863 | D:2      | Reached XP level 3. HP: 21/30 MP: 4/4
  1694 | D:3      | Reached XP level 4. HP: 33/37 MP: 5/5
  1898 | D:4      | Noticed an ogre
  2444 | D:4      | Identified the +1 leather armour of the Sparrow {Dex+4
                  | Slay+6}
  2716 | D:3      | Slain by a gnoll shaman

Illustrated notes

Levels and vault maps discovered:
D:1:      elethiomel_arrival_quiet, layout_basic, ebering_ecumenical_altar_webs
D:2:      layout_rooms
D:3:      layout_rooms, roderic_roman_lattice, kennysheep_generic_room_5
D:4:      layout_loops_corners, nzn_random_ring

Skill      XL: |  1  2  3  4 |
---------------+-------------+-----
Armour         | 1 |  1.8
Dodging        | 2 |  2.4
Unarmed Combat | 3 |  3.8
Fighting       | 3 |  3.0
Throwing       | |  0.8
Spellcasting   | |  1.7
Translocations | |  2.6

Action                   |  1- 3 |  4- 6 || total
-------------------------+-------+-------++-------
Melee: Unarmed           |   116 |    45 ||   161
       Punch             |     1 |       ||     1
Armor: Leather armour    |    10 |       ||    10
       Chain mail        |    36 |    34 ||    70
Dodge: Dodged            |    45 |    13 ||    58
